Map: Romanticide LE

Players

Krystianer - Winner!

  • Race: Protoss Protoss

ShoWTimE

  • Race: Protoss Protoss

Event: DreamHack SC2 Masters 2021 Fall

VOD

Have the link to the VOD?

Description

Time

  • Played on: July 31, 2021, 12:40 p.m.
  • Length: 11:02

All games in this series

Show
View Real Time Build Order
Export as new Build Order

Krystianer Protoss - Winner!

Build Orders:  

Get SALT Encoding   

  12  0:00  Probe  
  13  0:12  Probe  
  14  0:17  Pylon  
  14  0:24  Probe (Chrono Boost)  
  15  0:36  Probe (Chrono Boost)  
  15  0:37  Gateway  
  16  0:44  Probe (Chrono Boost)  
  16  0:45  Assimilator  
  17  0:50  Probe  
  18  0:57  Assimilator  
  18  1:03  Probe (Chrono Boost)  
  19  1:08  Gateway  
  20  1:12  Probe (Chrono Boost)  
  20  1:17  Probe (Chrono Boost)  
  20  1:24  Cybernetics Core  
  21  1:29  Probe  
  22  1:36  Pylon  
  22  1:41  Probe  
  23  1:54  Probe  
  26  2:01  Stalker, Warp Gate, Sentry  
  28  2:10  Shield Battery  
  28  2:14  Pylon  
  28  2:17  Probe  
  29  2:27  Adept  
  31  2:32  Adept  
  33  2:49  Nexus  
  32  3:02  Adept  
  32  3:03  Adept  
  36  3:06  Probe (Chrono Boost)  
  36  3:10  Pylon  
  37  3:18  Probe (Chrono Boost)  
  38  3:24  Twilight Council  
  38  3:26  Probe (Chrono Boost)  
  39  3:32  Pylon  
  39  3:36  Probe (Chrono Boost)  
  40  3:46  Probe (Chrono Boost)  
  41  3:51  Probe (Chrono Boost)  
  42  4:02  Dark Shrine, Probe  
  43  4:05  Probe  
  44  4:16  Probe (Chrono Boost)  
  41  4:17  Probe (Chrono Boost), Robotics Facility  
  41  4:23  Shield Battery  
  42  4:29  Probe (Chrono Boost)  
  42  4:31  Forge  
  44  4:32  Probe (Chrono Boost)  
  44  4:33  Stalker  
  44  4:35  Probe (Chrono Boost)  
  47  4:39  Probe  
  47  4:45  Probe  
  49  4:49  Assimilator  
  49  4:52  Gateway  
  49  4:57  Shield Battery  
  50  5:02  Gateway  
  50  5:03  Warp Prism (Chrono Boost)  
  51  5:10  Probe x2  
  51  5:13  Protoss Ground Weapons Level 1  
  53  5:17  Dark Templar x2  
  57  5:24  Probe  
  57  5:25  Probe  
  59  5:38  Nexus  
  59  5:46  Probe x2  
  61  5:53  Dark Templar x3  
  67  6:01  Probe  
  67  6:02  Probe  
  67  6:13  Probe  
  67  6:14  Probe  
  67  6:25  Probe  
  66  6:26  Probe  
  66  6:28  Blink (Chrono Boost)  
  66  6:29  Dark Templar  
  69  6:37  Probe  
  69  6:38  Probe  
  65  6:49  Probe  
  65  6:50  Probe  
  67  6:56  Stalker x3  
  67  6:58  Pylon, Protoss Ground Weapons Level 2 (Chrono Boost)  
  74  7:01  Probe  
  74  7:03  Probe  
  74  7:05  Pylon  
  74  7:07  Assimilator  
  73  7:12  Gateway x2  
  73  7:15  Gateway  
  73  7:18  Gateway  
  73  7:21  Stalker x4  
  79  7:27  Probe  
  80  7:43  Gateway  
  81  7:44  Probe x2  
  81  7:45  Gateway, Nexus  
  81  7:47  Pylon  
  81  7:48  Shield Battery  
  81  7:49  Templar Archives  
  82  7:51  Stalker  
  84  8:01  Stalker x3  
  84  8:02  Probe  
  84  8:04  Probe x2  
  89  8:14  Probe  
  89  8:16  Probe  
  89  8:18  Zealot x4  
  99  8:25  Probe  
  99  8:27  Probe  
  101  8:28  Pylon  
  101  8:30  High Templar x2  
  101  8:33  Pylon  
  105  8:35  Archon  
  105  8:40  Pylon  
  105  8:42  Pylon  
  105  8:44  Charge (Chrono Boost)  
  101  8:54  Probe  
  102  8:58  Gateway  
  102  8:59  Zealot x6  
  102  9:00  Zealot, Gateway  
  116  9:05  Zealot x2  
  116  9:09  Probe x2  
  122  9:14  Photon Cannon  
  121  9:17  Zealot  
  123  9:25  Zealot x2  
  123  9:26  Zealot  
  129  9:34  Zealot x4  
  131  9:45  Zealot x3  
  125  9:51  Zealot x3  
  121  9:55  Probe x2  
  121  9:56  Zealot  
  121  9:57  Zealot x4  
  115  10:07  Zealot x4  
  115  10:21  Zealot, High Templar x4  
  119  10:22  Zealot x3  
  119  10:25  Archon x2  
  125  10:29  Zealot x4  
  109  10:44  Zealot  
  109  10:45  Zealot x3  
  107  10:51  Zealot x4  
  107  10:53  Zealot x4  
Show
View Real Time Build Order
Export as new Build Order

ShoWTimE Protoss 

Build Orders: Phoenix Opening 

Get SALT Encoding   

  12  0:00  Probe  
  13  0:12  Probe  
  14  0:17  Pylon  
  14  0:24  Probe (Chrono Boost)  
  15  0:36  Gateway, Probe (Chrono Boost)  
  16  0:44  Probe (Chrono Boost)  
  16  0:45  Assimilator  
  17  0:51  Probe  
  17  0:56  Assimilator  
  18  1:03  Probe (Chrono Boost)  
  19  1:08  Gateway  
  19  1:13  Probe (Chrono Boost)  
  19  1:18  Probe (Chrono Boost)  
  20  1:24  Cybernetics Core  
  21  1:29  Probe  
  22  1:35  Pylon  
  22  1:41  Probe  
  23  1:53  Probe  
  24  2:00  Stalker  
  28  2:02  Warp Gate  
  28  2:06  Sentry  
  28  2:07  Probe  
  29  2:15  Pylon  
  29  2:19  Probe  
  30  2:33  Stalker  
  30  2:34  Sentry  
  34  2:40  Phoenix  
  34  2:49  Nexus  
  34  2:51  Probe  
  35  3:00  Sentry  
  35  3:01  Shield Battery  
  37  3:06  Probe  
  37  3:12  Pylon  
  38  3:18  Probe  
  39  3:30  Probe (Chrono Boost)  
  39  3:32  Phoenix  
  40  3:35  Twilight Council  
  40  3:40  Forge  
  40  3:42  Shield Battery, Probe (Chrono Boost)  
  41  3:49  Adept x2  
  41  3:50  Probe (Chrono Boost)  
  46  3:58  Probe  
  47  4:04  Probe  
  47  4:09  Shield Battery  
  46  4:12  Probe  
  46  4:16  Probe  
  46  4:21  Protoss Ground Weapons Level 1 (Chrono Boost)  
  46  4:22  Blink (Chrono Boost)  
  46  4:24  Probe  
  46  4:28  Probe  
  48  4:35  Stalker, Sentry  
  48  4:36  Probe  
  53  4:40  Probe  
  53  4:41  Pylon  
  53  4:45  Phoenix  
  54  4:48  Probe  
  55  4:54  Nexus  
  55  4:58  Robotics Facility  
  55  5:00  Probe  
  55  5:02  Probe  
  57  5:09  Assimilator  
  57  5:14  Stalker x2  
  61  5:17  Probe  
  61  5:18  Probe  
  63  5:23  Shield Battery  
  63  5:27  Gateway  
  63  5:28  Gateway  
  63  5:33  Pylon  
  63  5:39  Probe x2  
  65  5:43  Stalker x2  
  65  5:47  Observer (Chrono Boost)  
  70  5:51  Pylon, Probe  
  71  5:57  Probe  
  71  5:59  Observer (Chrono Boost)  
  71  6:03  Probe  
  74  6:08  Stalker  
  74  6:09  Probe x2  
  77  6:15  Probe  
  75  6:21  Probe x2  
  71  6:27  Stalker x2, Probe  
  72  6:33  Probe x2 (Chrono Boost)  
  72  6:37  Stalker  
  72  6:39  Probe (Chrono Boost)  
  77  6:40  Observer  
  77  6:45  Probe (Chrono Boost)  
  77  6:46  Probe (Chrono Boost)  
  74  6:51  Probe (Chrono Boost)  
  72  6:54  Probe x2 (Chrono Boost)  
  72  6:56  Probe (Chrono Boost)  
  72  6:59  Probe  
  73  7:02  Probe  
  73  7:06  Probe (Chrono Boost)  
  76  7:14  Probe (Chrono Boost), Assimilator  
  78  7:16  Probe (Chrono Boost)  
  78  7:18  Probe (Chrono Boost)  
  77  7:23  Probe (Chrono Boost)  
  77  7:25  Probe (Chrono Boost)  
  77  7:26  Probe (Chrono Boost)  
  77  7:28  Probe (Chrono Boost)  
  77  7:29  Protoss Ground Weapons Level 2  
  79  7:32  Probe  
  79  7:35  Probe  
  82  7:40  Charge (Chrono Boost), Probe  
  83  7:44  Probe  
  83  7:48  Probe  
  85  7:52  Gateway, Probe  
  85  7:53  Gateway  
  85  7:56  Probe  
  87  8:00  Probe  
  87  8:04  Probe  
  89  8:08  Stalker x3, Probe  
  89  8:09  Warp Prism (Chrono Boost)  
  89  8:12  Probe  
  95  8:17  Probe  
  96  8:21  Probe  
  96  8:23  Gateway  
  98  8:27  Stalker  
  98  8:31  Pylon  
  98  8:33  Pylon  
  99  8:53  Nexus  
  99  8:55  Stalker x6  
  105  8:56  Pylon  
  109  9:08  Photon Cannon  
  109  9:10  Gateway  
  109  9:15  Pylon  
  109  9:17  Probe x2  
  111  9:18  Probe  
  111  9:19  Stalker x3  
  111  9:20  Stalker  
  120  9:27  Stalker x2  
  124  9:32  Pylon  
  124  9:40  Stalker  
  122  9:47  Stalker x3  
  122  9:48  Zealot  
  130  9:58  Zealot x2  
  130  10:04  Zealot  
  116  10:13  Stalker x4  
  106  10:20  Zealot x2  
  104  10:22  Zealot  
  104  10:28  Probe x2  
  104  10:30  Shield Battery  
  104  10:31  Shield Battery  
  104  10:32  Pylon  
  104  10:34  Stalker  
  100  10:37  Zealot x4  
  100  10:41  Stalker x2  
  102  10:47  Zealot  
  71  10:57  Zealot x3  
  71  10:58  Zealot  

Tags
 
Add a new tag
Caveats
  • Supply blocks, unpowered buildings, or Contaminate may cause inaccurate times.
  • Supply counts are checked every 10 seconds.